Map: Neon Violet Square LE

Players

EleMenTfiNi - Winner!

  • Race: Protoss Protoss
  • League: Diamond
  • Spawn Location: 5:00

Joe

  • Race: Protoss Protoss
  • League: Master
  • Spawn Location: 11:00

VOD

Have the link to the VOD?

Description

Time

  • Played on: May 12, 2018, 2:55 a.m.
  • Length: 10:37
Show
View Real Time Build Order
Export as new Build Order

EleMenTfiNi Protoss - Winner!

Build Orders: Zealot Archon 

Get SALT Encoding   

  12  0:01  Probe  
  13  0:13  Pylon  
  13  0:21  Assimilator  
  13  0:32  Gateway, Probe  
  13  0:40  Probe  
  15  0:50  Probe  
  16  1:02  Probe  
  17  1:09  Gateway  
  17  1:14  Probe  
  18  1:19  Cybernetics Core  
  18  1:27  Zealot  
  18  1:31  Probe  
  21  1:38  Pylon  
  21  1:44  Probe  
  22  1:48  Stalker  
  22  1:49  Stalker  
  26  2:03  Warp Gate  
  26  2:09  Assimilator  
  26  2:17  Zealot  
  26  2:18  Zealot  
  30  2:28  Pylon  
  30  2:30  Probe  
  31  2:46  Probe  
  32  3:00  Probe  
  32  3:01  Zealot x2  
  33  3:16  Twilight Council  
  33  3:18  Probe  
  33  3:19  Gateway  
  34  3:24  Shield Battery  
  36  3:34  Sentry  
  36  3:35  Zealot, Charge  
  38  3:52  Gateway  
  38  3:54  Pylon  
  38  4:14  Templar Archives  
  38  4:18  Zealot  
  38  4:19  Zealot  
  42  4:33  Zealot  
  44  4:43  Pylon  
  44  4:49  Zealot  
  46  5:00  Pylon  
  46  5:02  High Templar x2  
  50  5:11  High Templar, Zealot  
  54  5:36  Robotics Facility  
  54  5:37  Pylon  
  54  5:38  Zealot x3  
  60  5:52  Zealot  
  62  6:02  Zealot x3  
  56  6:57  Archon  
  56  6:59  Pylon  
  56  7:00  High Templar x3  
  62  7:20  Nexus  
  62  7:22  Observer  
  63  7:24  Pylon  
  63  7:28  Zealot  
  65  7:31  Archon  
  65  7:35  High Templar, Zealot x2  
  71  7:43  Warp Prism  
  55  8:18  Stalker x4  
  52  8:43  Probe x2  
  54  8:55  High Templar, Probe x2  
  58  8:56  Zealot x2  
  58  9:00  Archon  
  62  9:04  Zealot  
  62  9:07  Probe x2  
  52  9:36  Zealot x4  
  52  9:37  Warp Prism  
  61  10:04  Zealot x4  
Show
View Real Time Build Order
Export as new Build Order

Joe Protoss 

Build Orders:  

Get SALT Encoding   

  12  0:00  Probe  
  13  0:12  Probe  
  14  0:19  Pylon  
  14  0:25  Probe  
  15  0:35  Probe  
  15  0:41  Gateway  
  16  0:43  Probe  
  16  0:46  Assimilator  
  17  0:52  Probe  
  18  1:04  Probe  
  19  1:14  Gateway  
  19  1:16  Probe  
  20  1:27  Probe  
  20  1:28  Cybernetics Core  
  20  1:32  Assimilator  
  21  1:35  Probe  
  21  1:36  Pylon  
  22  1:43  Probe  
  23  1:55  Probe  
  24  2:04  Stalker x2  
  24  2:05  Warp Gate  
  24  2:08  Probe  
  29  2:15  Pylon  
  30  2:22  Probe  
  30  2:30  Stalker  
  30  2:34  Stalker  
  34  3:07  Stalker  
  34  3:08  Stalker  
  38  3:14  Robotics Facility  
  38  3:15  Gateway  
  38  3:19  Pylon  
  38  3:29  Shield Battery  
  38  3:39  Pylon  
  38  3:49  Pylon  
  38  3:55  Observer  
  39  4:17  Immortal  
  39  4:20  Sentry x2  
  39  4:21  Nexus  
  39  4:22  Pylon  
  47  4:42  Stalker  
  49  4:47  Probe  
  50  4:53  Forge, Immortal  
  50  4:59  Probe  
  55  5:11  Probe  
  56  5:17  Sentry  
  56  5:18  Sentry  
  56  5:19  Zealot  
  62  5:29  Protoss Ground Weapons Level 1  
  63  5:35  Probe  
  63  5:36  Probe  
  63  5:40  Shield Battery  
  64  5:47  Probe  
  64  5:49  Probe  
  66  5:52  Warp Prism  
  66  5:55  Probe  
  68  6:01  Probe  
  70  6:05  Stalker  
  70  6:09  Twilight Council  
  72  6:13  Probe  
  71  6:31  Sentry  
  69  6:33  Zealot x2  
  58  7:03  Immortal  
  58  7:06  Stalker  
  52  7:18  Stalker x2  
  60  7:33  Shield Battery  
  60  7:34  Shield Battery  
  60  7:36  Shield Battery  
  60  7:37  Pylon  
  60  7:39  Pylon  
  59  7:59  Stalker x2  
  59  8:00  Stalker  
  49  8:26  Stalker x3  
  53  8:45  Warp Prism  
  53  8:59  Stalker x2  
  59  9:10  Stalker  
  40  9:46  Stalker  
  40  9:47  Stalker x2  
Tags
 
Add a new tag
Caveats
  • Supply blocks, unpowered buildings, or Contaminate may cause inaccurate times.
  • Supply counts are checked every 10 seconds.